 Dungeon Crawl Stone Soup version 0.28-a0-317-g21599a725c (webtiles) character file.

Game seed: 15537670196223829642

34755 bqbq4ka the Tortoise (level 13, -28/123 HPs)
             Began as a Minotaur Fighter on Sept 1, 2021.
             Was a High Priest of Trog.
             Annihilated by a naga warrior (34 damage)
             ... on level 2 of the Snake Pit.
             The game lasted 01:39:04 (15681 turns).

bqbq4ka the Tortoise (Minotaur Fighter)            Turns: 15681, Time: 01:39:08

Health: -28/123    AC: 25    Str: 27    XL:     13   Next: 43%
Magic:  12/12      EV:  6    Int:  5    God:    Trog [*****.]
Gold:   872        SH: 11    Dex:  8    Spells: 12/12 levels left

rFire   + + .      SeeInvis .   t - +8 dagger of Zaecvox {drain, rF++ Str+3 Dex-4 Stlth+}
rCold   . . .      Faith    +   c - +0 kite shield
rNeg    . . .      Spirit   .   G - +1 plate armour
rPois   +          Reflect  .   (helmet restricted)
rElec   .          Harm     .   P - scarf {repulsion}
rCorr   .          Rampage  .   o - +2 pair of gloves
Will    .....                   (no boots)
Stlth   ..........              R - amulet of faith
HPRegen 0.30/turn               X - ring of poison resistance
MPRegen 0.13/turn               g - +4 ring of protection

@: mighty, hasted, constricted, studying 2 skills, repel missiles, very quick
A: horns 2, retaliatory headbutt
a: Renounce Religion, Berserk, Trog's Hand, Brothers in Arms


You were on level 2 of the Snake Pit.
You worshipped Trog.
Trog was extremely pleased with you.
You visited 5 branches of the dungeon, and saw 16 of its levels.

You collected 872 gold pieces.

Inventory:

Hand Weapons
 a - a +0 trident
 d - a +2 whip of flaming
 k - a +1 spectral club
 r - a +0 vorpal flail
 t - the +8 dagger of Zaecvox (weapon) {drain, rF++ Str+3 Dex-4 Stlth+}
   (You found it on level 4 of the Dungeon)

   A truly terrible weapon, it drains the life of any living foe it strikes.
   Str:       It affects your strength (+3).
   Dex:       It affects your dexterity (-4).
   rF:        It greatly protects you from fire.
   Stlth:     It makes you more stealthy.
 z - a +3 trident of freezing
 A - a +4 hand axe
 D - a +1 demon trident of freezing
 U - a +1 rapier of draining
Missiles
 x - a throwing net (quivered)
Armour
 c - a +0 kite shield (worn)
 j - a +0 robe of willpower
 o - a +2 pair of gloves (worn)
 G - a +1 plate armour (worn)
 O - a +0 buckler of reflection
 P - a scarf of repulsion (worn)
Jewellery
 g - a +4 ring of protection (right hand)
 i - a ring of protection from cold
 y - a ring of resist corrosion
 R - an amulet of faith (around neck)
 X - a ring of poison resistance (left hand)
Wands
 e - a wand of polymorph (12)
 s - a wand of iceblast (18)
 C - a wand of digging (2)
 H - a wand of acid (8)
 L - a wand of flame (19)
Scrolls
 n - a scroll of immolation
 u - 6 scrolls of teleportation
 F - a scroll of vulnerability
 I - a scroll of holy word
 S - 2 scrolls of fog
 W - 2 scrolls of identify
Potions
 b - a potion of ambrosia {unknown}
 m - 3 potions of degeneration
 p - 5 potions of attraction
 q - 2 potions of brilliance
 v - 3 potions of might
 w - 2 potions of flight
 E - 2 potions of cancellation
 J - a potion of haste
 N - 2 potions of lignification
 Q - 2 potions of invisibility {unknown}
 T - a potion of curing
Miscellaneous
 M - a lightning rod (4/4)


   Skills:
 + Level 13.7 Fighting
 + Level 12.2 Short Blades
 + Level 6.9 Polearms
 + Level 15.1 Armour
 + Level 7.1 Dodging
 + Level 1.3 Stealth
 + Level 13.7 Shields
 + Level 0.8 Evocations


You had 12 spell levels left.
You didn't know any spells.
Your spell library contained the following spells:

 Spells                   Type           Power      Damage    Failure   Level
 Corona                   Hex            0%         N/A       99%         1
 Corpse Rot               Necr/Air       N/A        N/A       99%         2
 Ensorcelled Hibernation  Hex/Ice        0%         N/A       99%         2
 Poisonous Vapours        Pois/Air       0%         N/A       99%         2
 Tukima's Dance           Hex            0%         N/A       100%        3
 Freezing Cloud           Conj/Ice/Air   0%         6-21      100%        5


Dungeon Overview and Level Annotations

Branches:
Dungeon (9/15)             Temple (1/1) D:7            Lair (3/6) D:9
 Shoals (1/4) Lair:2        Snake (2/4) Lair:2
    Orc: D:9-12

Altars:
Ashenzari
Cheibriados
Dithmenos
Elyvilon
Fedhas
Gozag
Hepliaklqana
Kikubaaqudgha
Makhleb
Nemelex Xobeh
Okawaru
Qazlal
Ru
Sif Muna
Trog
Uskayaw
Vehumet
Wu Jian
Xom
Yredelemnul
Zin
The Shining One

Shops:
D:1 *   D:4 (   D:9 (

Annotations:
D:9 2 transporters, Nattfarinn's ghost, novice DjVM
Lair:2 exclusion: oklob plant


Innate Abilities, Weirdness & Mutations

You have a pair of horns on your head.
You reflexively headbutt those who attack you in melee.


Message History

Trog accepts your kill.
The naga warrior hits you with a +0 mace!
The naga warrior grabs you. The naga warrior constricts you.
You hit the naga warrior but do no damage.
You drain the naga warrior.
The naga warrior is lightly wounded.
You feel sick.
The guardian serpent hits you but does no damage.
The naga warrior spits poison at you.
The splash of poison hits you but does no damage.
You resist.
You feel very mighty all of a sudden. The guardian serpent hits you.
The naga warrior spits poison at you. You block the splash of poison.
The naga warrior constricts you.
* * * LOW HITPOINT WARNING * * *
You feel better.
The naga warrior roars a battlecry!
The naga warrior goes into a battle-frenzy!
Your two-headed ogre misses the guardian serpent.
Your two-headed ogre hits the guardian serpent with a +0 giant spiked club!
The guardian serpent closely misses you.
You puncture the naga warrior!
The naga warrior is lightly wounded.
You barely miss the naga warrior.
The naga warrior is lightly wounded.
The naga warrior hits you with a +0 mace!!
* * * LOW HITPOINT WARNING * * *
The naga warrior constricts you.
* * * LOW HITPOINT WARNING * * *
Your two-headed ogre completely misses the guardian serpent.
Your two-headed ogre barely misses the guardian serpent.
Blink to where?
Press: ? - help, Dir - move target The naga warrior's grasp on you weakens, but your attempt to escape fails.
As you read the scroll of blinking, it crumbles to dust.
The guardian serpent barely misses you. You furiously retaliate!
You headbutt the guardian serpent.
The naga warrior hits you with a +0 short sword!!
You die...

#.......#
##.###...
#.......#
#..##....
#.......#
#..##....
#.......#
#........
##......#########
#.###....
##.=...........##
#. ##..#
#.####.........#
#. #### #..#
#...N.....# #.
#.#####..N@.....#
#.
#........SO)....#
#.
#######.........#
#. #.........#
##...........
##......####
##....## ##..##
####


You could see 2 naga warriors, a guardian serpent (ally target) and a friendly
two-headed ogre (summoned, berserk).

Vanquished Creatures
  Kirke (Snake:2)
  2 merfolk impalers (Shoals:1)
  3 hydras
  A merfolk avatar (Shoals:1)
  3 anacondas
  A merfolk aquamancer (Shoals:1)
  4 shock serpents
  A naga sharpshooter (Snake:1)
  The ghost of hemabe71 the Charlatan, a novice HuAr of Trog (D:6)
  Pikel (D:6)
  A naga ritualist (Snake:2)
  3 mana vipers
  2 cyclopes (Shoals:1)
  A manticore (Shoals:1)
  7 black mambas
  2 merfolk sirens (Shoals:1)
  6 gargoyles (D:7)
  A naga mage (Snake:2)
  5 cane toads
  3 komodo dragons
  A rime drake (Lair:2)
  A troll (D:9)
  A hornet (D:9)
  4 merfolk (Shoals:1)
  A polar bear (Lair:2)
  8 blink frogs
  2 snapping turtles (Shoals:1)
  Sigmund (D:6)
  5 water elementals (Shoals:1)
  3 wyverns
  13 yaks
  A wraith (D:9)
  A basilisk (Lair:3)
  3 swamp worms (D:9)
  7 nagas
  6 water moccasins
  An orc warrior (D:8)
  2 sky beasts (D:7)
  2 ogres
  4 black bears
  4 wolves (Lair:2)
  A necrophage (D:8)
  2 centaurs
  A lemure (D:6)
  7 bullfrogs
  A kobold brigand (D:7)
  A wyvern zombie (D:7)
  2 scorpions (D:6)
  A gnoll sergeant (D:9)
  A water moccasin skeleton (D:6)
  5 wights (D:6)
  A vampire bat (D:3)
  3 howler monkeys
  2 centaur skeletons
  4 hounds
  2 orc priests
  A jelly (D:6)
  2 gnoll shamans
  Jessica (D:1)
  2 iguanas (D:5)
  9 orc wizards
  A hound skeleton (D:4)
  A mummy (D:7)
  2 howler monkey zombies
  13 gnolls
  9 adders
  A white imp (D:7)
  5 worms
  5 dart slugs
  20 orcs
  2 spectral bats (D:3)
  11 ball pythons
  16 bats
  3 bat skeletons (D:3)
  A bat zombie (D:3)
  12 endoplasms
  3 fire bats (D:3)
  2 giant cockroaches
  4 hobgoblins
  4 quokkas
  A bat simulacrum (D:3)
  3 frilled lizards (D:1)
  5 goblins
  A hobgoblin zombie (D:7)
  12 kobolds
  A kobold zombie (D:7)
  2 orc zombies (D:7)
  8 rats
  A butterfly (Lair:2)
318 creatures vanquished.

Vanquished Creatures (collateral kills)
  2 nagas (Snake:2)
2 creatures vanquished.

Vanquished Creatures (others)
  3 humans (Snake:2)
  A naga (Snake:2)
  9 fungi
  28 plants
41 creatures vanquished.

Grand Total: 361 creatures vanquished

Notes
Turn   | Place    | Note
-------+----------+-------------------------------------------
     0 | D:1      | bqbq4ka the Minotaur Fighter began the quest for the Orb.
     0 | D:1      | Reached XP level 1. HP: 19/19 MP: 0/0
   152 | D:1      | Found Vegup's Assorted Antiques.
   158 | D:1      | Reached XP level 2. HP: 22/27 MP: 1/1
   183 | D:1      | Reached skill level 4 in Armour
   360 | D:1      | Reached XP level 3. HP: 19/33 MP: 2/2
   577 | D:1      | Found a faded altar of an unknown god.
   888 | D:2      | Noticed Jessica
   902 | D:1      | Killed Jessica
   903 | D:1      | Reached XP level 4. HP: 17/41 MP: 3/3
  1097 | D:2      | Learned a level 1 spell: Corona
  1225 | D:2      | Reached skill level 5 in Armour
  1324 | D:2      | Reached XP level 5. HP: 31/47 MP: 4/4
  3222 | D:3      | Reached XP level 6. HP: 52/53 MP: 5/5
  3466 | D:4      | Reached skill level 5 in Shields
  3474 | D:4      | Found a bloodstained altar of Trog.
  3480 | D:4      | Became a worshipper of Trog the Wrathful
  3507 | D:4      | Identified the +8 dagger of Zaecvox {drain, rF++ Str+3
                  | Dex-4 Stlth+}
  3524 | D:4      | Reached skill level 1 in Dodging
  3735 | D:4      | Found Hyitoo Gedip's Antique Weapon Shoppe.
  3842 | D:4      | Reached skill level 5 in Polearms
  4029 | D:4      | Found a sand-covered staircase.
  4109 | D:5      | Entered Level 5 of the Dungeon
  4142 | D:5      | Reached skill level 5 in Fighting
  4142 | D:5      | Reached XP level 7. HP: 61/61 MP: 6/6
  4187 | D:5      | Noticed a wyvern
  4195 | D:5      | Killed a wyvern
  4196 | D:5      | Reached skill level 6 in Armour
  4237 | D:5      | Reached skill level 1 in Short Blades
  4774 | D:6      | Noticed Pikel
  4829 | D:6      | Found a runed translucent door.
  4829 | D:6      | Noticed hemabe71's ghost (novice HuAr)
  4862 | D:6      | Killed hemabe71's ghost
  4863 | D:6      | Reached skill level 7 in Armour
  4863 | D:6      | Reached XP level 8. HP: 26/70 MP: 7/7
  5125 | D:6      | Noticed Sigmund
  5135 | D:6      | Killed Sigmund
  5136 | D:6      | Reached skill level 8 in Armour
  5186 | D:6      | Killed Pikel
  5186 | D:6      | Reached * piety under Trog
  5187 | D:6      | Reached XP level 9. HP: 55/75 MP: 8/8
  5373 | D:6      | Found an iron altar of Okawaru.
  5474 | D:6      | Reached skill level 9 in Armour
  5549 | D:6      | Reached skill level 5 in Short Blades
  5678 | D:7      | Reached skill level 5 in Dodging
  5979 | D:7      | Reached XP level 10. HP: 77/84 MP: 9/9
  6015 | D:7      | Reached ** piety under Trog
  6083 | D:7      | Identified a scroll of acquirement
  6083 | D:7      | Acquired a manual of Short Blades
  6239 | D:7      | Noticed a gargoyle
  6247 | D:7      | Killed a gargoyle
  6250 | D:7      | Noticed a gargoyle
  6250 | D:7      | Noticed a gargoyle
  6250 | D:7      | Noticed a gargoyle
  6251 | D:7      | Noticed a gargoyle
  6251 | D:7      | Noticed a gargoyle
  6255 | D:7      | Found a staircase to the Ecumenical Temple.
  6472 | D:7      | Killed a gargoyle
  6473 | D:7      | Reached skill level 10 in Armour
  6631 | Temple   | Entered the Ecumenical Temple
  6816 | D:7      | Killed a gargoyle
  7081 | D:7      | Killed a gargoyle
  7563 | D:7      | Killed a gargoyle
  7564 | D:7      | Reached skill level 1 in Stealth
  7956 | D:7      | Killed a gargoyle
  9095 | D:9      | Reached skill level 10 in Shields
  9494 | D:9      | Found a staircase to the Lair.
  9540 | D:9      | Reached *** piety under Trog
  9656 | D:9      | Reached XP level 11. HP: 77/93 MP: 10/10
  9704 | D:9      | Reached skill level 11 in Armour
  9935 | D:9      | Noticed Nattfarinn's ghost (novice DjVM)
  9936 | D:9      | Found a transporter.
  9936 | D:9      | Noticed a two-headed ogre
  9940 | D:9      | Noticed a two-headed ogre
  9951 | D:9      | Found Cufut's Weapon Shop.
 10068 | D:9      | Found a transporter.
 10331 | Lair:1   | Entered Level 1 of the Lair of Beasts
 10389 | Lair:1   | Noticed a five-headed hydra
 10398 | Lair:1   | Killed a five-headed hydra
 10547 | Lair:1   | Noticed a four-headed hydra
 10555 | Lair:1   | Killed a four-headed hydra
 11017 | Lair:2   | Reached skill level 10 in Short Blades
 11097 | Lair:2   | Reached skill level 12 in Armour
 11109 | Lair:2   | Acquired a manual of Fighting
 11142 | Lair:2   | Found a staircase to the Snake Pit.
 11480 | Lair:2   | Found a staircase to the Shoals.
 11492 | Lair:2   | Reached **** piety under Trog
 11677 | Lair:2   | Reached skill level 10 in Fighting
 11724 | Lair:2   | Noticed an oklob plant
 11836 | Shoals:1 | Entered Level 1 of the Shoals
 11836 | Shoals:1 | Noticed a merfolk aquamancer
 11848 | Shoals:1 | Killed a merfolk aquamancer
 11849 | Shoals:1 | Reached XP level 12. HP: 107/107 MP: 11/11
 11915 | Shoals:1 | Noticed a merfolk impaler
 11930 | Shoals:1 | Killed a merfolk impaler
 12278 | Shoals:1 | Noticed a merfolk avatar
 12293 | Shoals:1 | Reached skill level 13 in Armour
 12311 | Shoals:1 | Killed a merfolk avatar
 12696 | Shoals:1 | Noticed a merfolk impaler
 12749 | Shoals:1 | Killed a merfolk impaler
 13195 | Shoals:1 | Noticed a centaur warrior
 13519 | Lair:3   | Noticed an eight-headed hydra
 13530 | Lair:3   | Killed an eight-headed hydra
 13832 | Snake:1  | Entered Level 1 of the Snake Pit
 13847 | Snake:1  | Reached skill level 14 in Armour
 14295 | Snake:1  | Noticed an anaconda
 14310 | Snake:1  | Killed an anaconda
 14364 | Snake:1  | Reached XP level 13. HP: 54/122 MP: 12/12
 15140 | Snake:2  | Reached ***** piety under Trog
 15425 | Snake:2  | Noticed Kirke
 15442 | Snake:2  | Killed Kirke
 15443 | Snake:2  | Reached skill level 15 in Armour
 15680 | Snake:2  | HP: 6/123 [constriction (5)]
 15681 | Snake:2  | Annihilated by a naga warrior

Illustrated notes

Levels and vault maps discovered:
D:1:      evilmike_arrival_plus, layout_basic, chequers_ecumenical_altar_island,
          serial_shops, nicolae_shop_statue_plus
D:2:      layout_basic, grunt_ministairs_14, uniq_jessica
D:3:      minmay_chambers_of_twos, layout_loops_ring, grunt_ministairs_15,
          chequers_serial_rivers_room_b, goddamned_bats
D:4:      layout_basic, serial_shops, shop,
          lightli_ossuary_entry_decrepit_ruins, kennysheep_flooded_box
D:5:      layout_layer_cave
D:6:      layout_rooms, mainiacjoe_overflow_paths, gammafunk_ghost_grave,
          uniq_sigmund, uniq_pikel
D:7:      cheibrodos_statue_roulette, layout_basic,
          minmay_temple_entry_gardened_gates, serial_bayou,
          serial_bayou_crossing, serial_bayou_pond_d, serial_bayou_pond_a,
          serial_bayou_shore_b, hangedman_decor_opposing, minmay_mini_ossuary
D:8:      layout_cave_pools, chequers_serial_rivers_small_b
D:9:      layout_loops_corners, dpeg_oklobed_lair, gammafunk_ghost_smash,
          serial_shops, nicolae_stop_n_shop_1, worms_lemuel
Temple:   compressed_dpeg_circular_temple
Lair:1:   layout_small_grid, chequers_serial_rivers_micro_b,
          infiniplex_staircase_pool
Lair:2:   layout_regular_city, elwin_shoals_entry_rocks,
          guppyfry_snake_entry_island, minmay_lair_oklob_chamber,
          infiniplex_staircase_pool_2, grunt_megastairs_4, lemuel_fruit_fields
Lair:3:   layout_loops_ring
Shoals:1: layout_shoals, ebering_ghost_davey_jones, hangedman_shoals_cup_caves
Snake:1:  layout_gridlike, nicolae_large_snake_swirl, grunt_megastairs_1
Snake:2:  layout_gridlike, portal_ice_cave_entry_ice_statue_two, uniq_asterion,
          uniq_kirke, uniq_aizul

Skill      XL: |  1  2  3  4  5  6  7  8  9 10 11 12 13 |
---------------+----------------------------------------+-----
Fighting       | 4 5 6 7 10 13 | 13.7
Armour         | 4 5 7 8 9 10 12 14 15 | 15.1
Shields        | 4 5 6 7 8 10 11 12 13 | 13.7
Polearms       | 3 4 5 6 |  6.9
Dodging        | 1 3 4 5 6 7 |  7.1
Short Blades   | 2 4 6 8 10 11 12 | 12.2
Stealth        | 1 |  1.3
Evocations     | |  0.8

Action                   |  1- 3 |  4- 6 |  7- 9 | 10-12 | 13-15 || total
-------------------------+-------+-------+-------+-------+-------++-------
Melee: Trident           |    69 |   172 |       |       |       ||   241
       Headbutt          |    13 |    33 |    32 |   167 |    12 ||   257
       Dagger            |       |    18 |   171 |   749 |   123 ||  1061
Invok: Berserk           |       |       |     3 |    18 |     2 ||    23
       Trog's Hand       |       |       |       |     2 |     1 ||     3
       Brothers in Arms  |       |       |       |       |     1 ||     1
Evoke: Lightning rod     |       |       |       |     1 |       ||     1
       Wand              |       |       |       |     3 |       ||     3
  Use: Scroll            |       |     7 |     4 |    17 |     2 ||    30
       Potion            |       |     1 |     7 |     8 |     4 ||    20
Armor: Scale mail        |    24 |   127 |    75 |    34 |       ||   260
       Plate armour      |       |       |       |   155 |    32 ||   187
       Skin              |       |       |       |     1 |       ||     1
Dodge: Dodged            |    25 |    73 |    57 |   157 |    30 ||   342
       Repelled          |       |       |       |     2 |     6 ||     8
Block: Kite shield       |    26 |    99 |    62 |   243 |    45 ||   475

Table legend: (Time is in decaauts)
 A = Elapsed time spent in this place.
 B = Non-inter-level travel time spent in this place.
 C = Inter-level travel time spent in this place.
 D = Time resting spent in this place.
 E = Time spent auto-exploring this place.
 F = Levels seen in this place.
 G = Mean time per level.
                   A        B        C        D        E       F      G
               +--------+--------+--------+--------+--------+-----+--------+
         Total |  15694 |  13365 |   2329 |   5853 |      0 |  16 |  980.9 |
       Dungeon |  10374 |   8238 |   2136 |   3416 |      0 |   9 | 1152.7 |
        Temple |    119 |    119 |      0 |      0 |      0 |   1 |  119.0 |
          Lair |   2041 |   1930 |    111 |    490 |      0 |   3 |  680.3 |
        Shoals |   1374 |   1374 |      0 |   1042 |      0 |   1 | 1374.0 |
     Snake Pit |   1784 |   1702 |     82 |    903 |      0 |   2 |  892.0 |
               +--------+--------+--------+--------+--------+-----+--------+

Top non-repeatable levels by time:
     D:7: 2488 daAuts
 Snake:1: 1419 daAuts
Shoals:1: 1374 daAuts
     D:9: 1356 daAuts
     D:3: 1312 daAuts
     D:1: 1115 daAuts
  Lair:2: 1059 daAuts
     D:2: 1052 daAuts
     D:6: 859 daAuts
     D:8: 756 daAuts
     D:4: 727 daAuts
     D:5: 706 daAuts
  Lair:1: 646 daAuts
 Snake:2: 364 daAuts
  Lair:3: 335 daAuts
